 Dungeon Crawl Stone Soup version 0.17.2-1-ge4368a0 (webtiles) character file.

6 tidbits the Insei (level 1, -4/15 HPs)
             Began as a Demigod Transmuter on Sept 7, 2017.
             Slain by a kobold
             ... wielding a +0 short sword
              (7 damage)
             ... on level 2 of the Dungeon.
             The game lasted 00:00:59 (104 turns).

tidbits the Insei (Demigod Transmuter)               Turns: 104, Time: 00:01:00

Health: -4/15      AC:  2    Str: 13    XL:     1   Next: 60%
Magic:  4/5        EV: 12    Int: 17    God:
Gold:   9          SH:  0    Dex: 16    Spells: 1 memorised, 3 levels left

rFire  . . .     SeeInvis .       - Unarmed
rCold  . . .     Clarity  .     b - +0 robe
rNeg   . . .     SustAt   +     (no shield)
rPois  .         Gourm    .     (no helmet)
rElec  .         Spirit   .     (no cloak)
rCorr  .         Warding  .     (no gloves)
rMut   .         Stasis   .     (no boots)
MR     .....                    (no amulet)
Stlth  +.........               (no ring)
                                (no ring)

@: appendage, not resistant to hostile enchantments, very unstealthy
A: horns 2, high mp 1, sustain attributes
a: End Transformation


You were on level 2 of the Dungeon.
You were not hungry.
You had grown temporary horns.
You visited 1 branch of the dungeon, and saw 2 of its levels.

You collected 9 gold pieces.

Inventory:

Missiles
 a - 12 arrows
Armour
 b - a +0 robe (worn)
Books
 c - a book of Changes

   Spells                             Type                      Level
   a - Beastly Appendage              Transmutation                1
   b - Sticks to Snakes               Transmutation                2
   c - Spider Form                    Transmutation/Poison         3
   d - Ice Form                       Ice/Transmutation            4
   e - Blade Hands                    Transmutation                5
Comestibles
 d - a bread ration


   Skills:
 - Level 0.8 Fighting
 - Level 1.7 Dodging
 * Level 2.8 Unarmed Combat
 - Level 2.0 Spellcasting
 + Level 1.9 Transmutations


You had 3 spell levels left.
You knew the following spells:

 Your Spells              Type           Power        Failure   Level  Hunger
e - Beastly Appendage     Trmt           #.....       12%         1    #......


Dungeon Overview and Level Annotations

Branches:
Dungeon (2/15)


Innate Abilities, Weirdness & Mutations

You have an increased reservoir of magic (+10% MP).
Your attributes are resistant to harm.
You have a pair of horns on your head.


Message History

You barely miss the bat. You headbutt the bat.
You kill the bat!
You see here a bat corpse.
Your transformation is almost over.
Found a stone staircase leading down.
A giant gecko and a hobgoblin come into view.
The hobgoblin shouts!
The giant gecko moves out of view.
The hobgoblin hits you with a club.
Found a leather armour.
You hit the hobgoblin but do no damage. You headbutt the hobgoblin.
The hobgoblin is lightly wounded.
The hobgoblin hits you with a club.
You hit the hobgoblin.
The hobgoblin is heavily wounded.
Your horns disappear.
The hobgoblin hits you with a club.
Casting: Beastly Appendage
Confirm with . or Enter, or press ? or * to list all spells.
Your feet morph into talons.
The hobgoblin hits you with a club.
You barely miss the hobgoblin. You claw the hobgoblin.
The hobgoblin is severely wounded.
The hobgoblin hits you but does no damage.
You closely miss the hobgoblin.
The hobgoblin is severely wounded.
The hobgoblin hits you with a club.
You hit the hobgoblin. You claw the hobgoblin.
You kill the hobgoblin!
Your Spellcasting skill increases to level 2!
Your transformation is almost over.
You hit the giant gecko.
The giant gecko is lightly wounded.
The giant gecko closely misses you.
You closely miss the giant gecko.
The giant gecko is lightly wounded.
The giant gecko misses you. The giant gecko bites you.
* * * LOW HITPOINT WARNING * * *
You hit the giant gecko.
The giant gecko is severely wounded.
The giant gecko closely misses you.
You closely miss the giant gecko.
The giant gecko is severely wounded.
The giant gecko closely misses you.
You hit the giant gecko.
You kill the giant gecko!
Things that are here:
a club; a giant gecko corpse; a hobgoblin corpse Your talons disappear.
There is a stone staircase leading down here.
You climb downwards.
A worm comes into view.
Found a robe and 8 arrows.
Found an escape hatch in the ceiling and an escape hatch in the floor.
There is a stone staircase leading up here.
You climb upwards.
There is a stone staircase leading down here.
A bat comes into view.
The bat hits you.
* * * LOW HITPOINT WARNING * * *
The bat closely misses you.
Casting: Beastly Appendage
Confirm with . or Enter, or press ? or * to list all spells.
You grow a pair of large bovine horns.
The bat misses you. The bat closely misses you.
You miss the bat. The bat hits you but does no damage.
The bat hits you but does no damage. The bat hits you but does no damage.
You hit the bat.
You kill the bat!
Your transformation is almost over.
A rat comes into view.
Casting: Beastly Appendage
Confirm with . or Enter, or press ? or * to list all spells.
You extend your transformation's duration.
You completely miss the rat. You headbutt the rat.
You kill the rat!
Your transformation is almost over.
Found a stone staircase leading down.
There is a stone staircase leading down here.
You climb downwards.
Found 9 gold pieces and 6 sling bullets.
There is a stone staircase leading up here.
Your horns disappear.
Found 25 arrows.
You now have 9 gold pieces.
A bat comes into view.
Found a whip, a runed robe and a dagger.
Casting: Beastly Appendage
Confirm with . or Enter, or press ? or * to list all spells.
You grow a pair of large bovine horns.
A kobold comes into view. It is wielding a short sword.
The kobold shouts!
The bat moves out of view.
Found a black potion.
Found a stone staircase leading up.
You hit the kobold.
The kobold is heavily wounded.
The kobold hits you with a short sword.
* * * LOW HITPOINT WARNING * * *
You barely miss the kobold.
The kobold is heavily wounded.
The kobold hits you with a short sword!
You die...

######## ..).[. <....
#.... ### .####.#.# .(
........#######.#
#)......K@....#.#
#.......#####.<.#
#..(....#.............
..........##.#######..
#........! #.
#.........##.
#.##....#.##. ## #
#...###... .. #... .#.
#.


You could see a kobold.

Vanquished Creatures
  A giant gecko (D:1)
  2 bats (D:1)
  A hobgoblin (D:1)
  A rat (D:1)
5 creatures vanquished.

Notes
Turn   | Place    | Note
--------------------------------------------------------------
     0 | D:1      | tidbits the Demigod Transmuter began the quest for the Orb.
     0 | D:1      | Reached XP level 1. HP: 15/15 MP: 5/5
    45 | D:1      | Reached skill level 2 in Spellcasting
   104 | D:2      | Slain by a kobold

Action                   || total
-------------------------++-------
Melee: Unarmed           ||    18
 Cast: Beastly Appendage ||     5

Table legend:
 A = Turns spent in this place as a percentage of turns spent in the entire game.
 B = Non-inter-level travel turns spent in this place as a percentage of non-inter-level travel turns spent in the entire game.
 C = Inter-level travel turns spent in this place as a percentage of turns spent in this place.
 D = Turns resting spent in this place as a percentage of non-inter-level travel turns spent in this place.
 E = Turns spent auto-exploring this place as a percentage of non-inter-level travel turns spent in this place.
 F = Non-inter-level travel turns spent in this place divided by the number of levels of this place that you've seen.
                   A       B       C       D       E      F
               +-------+-------+-------+-------+-------+----------------------
         Total | 100.0 | 100.0 |   0.0 |   0.0 |   0.0 |  51.5
       Dungeon | 100.0 | 100.0 |   0.0 |   0.0 |   0.0 |  51.5
               +-------+-------+-------+-------+-------+----------------------

Table legend:
 A = Kills in this place as a percentage of kills in entire the game.
 B = Kills by you in this place as a percentage of kills by you in the entire game.
 C = Kills by friends in this place as a percentage of kills by friends in the entire game.
 D = Other kills in this place as a percentage of other kills in the entire game.
 E = Experience gained in this place as a percentage of experience gained in the entire game.
 F = Experience gained in this place divided by the number of levels of this place that you have seen.
                   A       B       C       D       E      F
               +-------+-------+-------+-------+-------+----------------------
         Total | 100.0 | 100.0 |  -nan |  -nan | 100.0 |   4.5
       Dungeon | 100.0 | 100.0 |  -nan |  -nan | 100.0 |   4.5
               +-------+-------+-------+-------+-------+----------------------

Vault maps used:
D:1:      lordsloth_arrival_two_stooges
D:2:      uniq_crazy_yiuf_cottage
